 Dungeon Crawl Stone Soup version 0.30.0-29-ga12c61a403 (webtiles) character file.

Game seed: 12079329953415700735

19567 IndexError the Fighter (level 13, -15/105 HPs)
             Began as a Djinni Conjurer on June 7, 2023.
             Was a Believer of Ashenzari.
             Killed from afar by an ironbound frostheart (50 damage)
             ... by creeping frost
             ... in an ice cave.
             The game lasted 00:31:49 (14059 turns).

IndexError the Fighter (Djinni Conjurer)           Turns: 14059, Time: 00:31:49

Health: -15/105    AC: 11    Str:  6    XL:     13   Next: 5%
Gold:   1104       EV: 15    Int: 26    God:    Ashenzari [**....] SH:  0 Dex: 11

rFire   + + .        p - +3 sling of the Fated Paranoia {drain, Self, Range} (curse)
rCold   . . .        (no shield)
rNeg    . . .        o - +1 robe of the Gate {rC+ Stlth+}
rPois   ∞            L - +2 hat
rElec   .            w - +1 cloak
rCorr   .            (no gloves)
SInv    +            (boots unavailable)
Will    ++...        g - amulet of Desmomancy {Regen+, +regen, !d, Self, Evo} (curse)
Stlth   +++          l - ring of Supernal Understanding {AC+4, Self, Evo} (curse)
HPRegen 1.17/turn    x - ring of willpower
MPRegen 0.00/turn

%: infuse magic (-16 HP)
@: flying, studying Evocations
A: sickness immunity, fire resistance 2, cold vulnerability 1, float, innate
caster, HP casting, extra vitality 1
a: Renounce Religion, Curse Item, Shatter the Chains


You were in an ice cave.
You worshipped Ashenzari.
Ashenzari was pleased with you.
You visited 2 branches of the dungeon, and saw 13 of its levels.
You also visited: Ossuary, Bailey and Ice Cave.

You collected 1351 gold pieces.
You spent 247 gold pieces at shops.

Inventory:

Hand Weapons
 p - the cursed +3 sling of the Fated Paranoia (weapon) {drain, Self, Range}
   (You found it on level 1 of the Dungeon)

   It has a curse which improves the following skills: Introspection: Fighting
   and Spellcasting.
   Ranged Combat: Ranged Weapons and Throwing.
Missiles
 b - 25 javelins
 u - 4 throwing nets {=f, !d}
 E - 15 boomerangs of dispersal {=f}
Armour
 o - the +1 robe of the Gate (worn) {rC+ Stlth+}
   (You bought it in a shop on level 4 of the Dungeon)

   rC:        It protects you from cold.
   Stlth:     It makes you more stealthy.
 w - a +1 cloak (worn)
   (You found it on level 5 of the Dungeon)
 G - a +0 troll leather armour {regen}
   (You found it on level 10 of the Dungeon)
 L - a +2 hat (worn)
   (You found it in an ice cave)
Jewellery
 g - the cursed amulet of Desmomancy (around neck) {Regen+, +regen, !d, Self, Evo}
   (You found it on level 8 of the Dungeon)

   [amulet of regeneration]

   Regen:     It increases your rate of health regeneration.
   It has a curse which improves the following skills: Introspection: Fighting
   and Spellcasting.
   Evocations: Evocations.
 l - the cursed ring of Supernal Understanding (left hand) {AC+4, Self, Evo}
   (You found it on level 2 of the Dungeon)

   [ring of protection]

   AC:        It affects your AC (+4).
   It has a curse which improves the following skills: Introspection: Fighting
   and Spellcasting.
   Evocations: Evocations.
 x - a ring of willpower (right hand)
   (You found it on level 5 of the Dungeon)
 J - a ring of positive energy {rN+}
   (You found it on level 11 of the Dungeon)
Wands
 a - a wand of iceblast (6)
   (You found it on level 7 of the Dungeon)
 y - a wand of charming (31)
   (You found it on level 5 of the Dungeon)
 z - a wand of mindburst (18)
   (You found it on level 5 of the Dungeon)
 D - a wand of flame (19)
   (You found it on level 9 of the Dungeon)
 M - a wand of quicksilver (8)
   (You found it in an ice cave)
Scrolls
 h - 3 scrolls of immolation {!r}
 k - 6 scrolls of teleportation
 m - a scroll of acquirement
 n - 3 scrolls of poison
 r - 2 scrolls of magic mapping {!r}
 v - 3 scrolls of fear
 A - a scroll of fog
 C - a scroll of torment {!r}
 I - a scroll of butterflies
 N - a scroll of brand weapon
Potions
 c - 3 potions of haste
 d - 7 potions of curing
 i - 5 potions of cancellation
 j - 4 potions of berserk rage {!q}
 q - 2 potions of mutation {!q}
 s - 5 potions of brilliance
 t - 2 potions of attraction {!q}
 B - a potion of ambrosia
 F - a potion of invisibility
 H - a potion of heal wounds
 K - 2 potions of lignification {!q}
Miscellaneous
 e - a box of beasts
   (You found it in a bailey)
 f - a phantom mirror
   (You found it in a bailey)


   Skills:
 + Level 11.8(14.1) Fighting
 + Level 6.6(7.8) Ranged Weapons
 - Level 10.0 Dodging
 - Level 1.5 Stealth
 - Level 8.7(11.1) Spellcasting
 - Level 9.3(11.1) Evocations


You knew the following spells:

 Your Spells              Type           Power      Damage    Failure   Level
a - Magic Dart            Conj           100%       1d8       1%          1
b - Searing Ray           Conj           100%       2d8       1%          2
c - Dazzling Flash        Conj/Hex       100%       N/A       1%          3
d - Fulminant Prism       Conj/Hex       32%        3d15      1%          4
e - Sandblast             Erth           100%       2d20      1%          1
f - Summon Guardian Gole  Hex/Summ       64%        N/A       1%          3
g - Mephitic Cloud        Conj/Pois/Air  64%        N/A       1%          3
h - Irradiate             Conj/Tmut      32%        3d22      1%          5
i - Silence               Hex/Air        32%        N/A       1%          5
w - Passwall              Tmut/Erth      53%        N/A       1%          2
x - Iskenderun's Mystic   Conj/Tloc      64%        2d13      1%          4
Your spell library was empty.

Dungeon Overview and Level Annotations

Branches:
Dungeon (12/15)            Temple (1/1) D:5            Lair (0/5) D:10
    Orc (0/2) D:9         Ossuary (visited)          Bailey (visited)
  IceCv (1/1)

Altars:
Ashenzari
Cheibriados
Dithmenos
Elyvilon
Fedhas
Gozag
Hepliaklqana
Makhleb
Nemelex Xobeh
Okawaru
Qazlal
Ru
Trog
Uskayaw
Wu Jian
Xom
Yredelemnul
Zin
The Shining One

Shops:
D:4 [

Annotations:
D:6 3 runed translucent doors, Josd's ghost, novice GnDe


Innate Abilities, Weirdness & Mutations

You are immune to sickness and miasma.
You are immune to poison.
Your flesh is very heat resistant. (rF++)
You are vulnerable to cold. (rC-)
You float through the air rather than walking.
You learn spells naturally, not from books.
Your magical power is your life essence.
You have superior vitality. (+4 MHP)


Message History

The ice beast disappears in a puff of smoke! (Press . to maintain the ray.)
You take 1 damage, and have 101/105 hp.
Really fly into a travel-excluded area?
You regained 2 hp, and now have 103/105 hp.
Casting: Searing Ray (safe; 1% risk of failure)
Confirm with . or Enter, or press ? or * to list all spells.
You can't see any susceptible monsters within range! (Use Z to cast anyway.) Unknown command.
Unknown command.
Casting: Searing Ray (safe; 1% risk of failure)
Confirm with . or Enter, or press ? or * to list all spells.
Aiming: Fulminant Prism (safe; 1% risk of failure)
Press: ? - help, Dir - move target You conjure a prism of explosive energy!
A fulminant prism comes into view.
You take 3 damage, and have 100/105 hp.
You hear a loud crackle.
You hear an explosion!
Really fly into a travel-excluded area?
Casting: Fulminant Prism (safe; 1% risk of failure)
Confirm with . or Enter, or press ? or * to list all spells.
Aiming: Fulminant Prism (safe; 1% risk of failure)
Press: ? - help, Dir - move target You conjure a prism of explosive energy!
A fulminant prism comes into view.
You take 3 damage, and have 100/105 hp.
You hear a loud crackle.
You regained 2 hp, and now have 102/105 hp.
You hear an explosion!
You feel a bit more experienced.
Really fly into a travel-excluded area?
Health restored: 105 You see here a +1 chain mail of cold resistance.
You now have 1104 gold pieces (gained 11).
A rime drake, a wolf, an ironbound frostheart and 6 polar bears come into view.
The polar bear growls angrily. x2; The wolf howls!
The polar bear growls angrily. x2; The ironbound frostheart shouts!
The polar bear growls angrily.
You hear a shout!
The polar bear growls angrily.
You hear an angry hiss.
Casting: Fulminant Prism (safe; 1% risk of failure)
Confirm with . or Enter, or press ? or * to list all spells.
Aiming: Fulminant Prism (safe; 1% risk of failure)
Press: ? - help, Dir - move target You conjure a prism of explosive energy!
A fulminant prism comes into view.
You take 3 damage, and have 102/105 hp.
Your fulminant prism crackles loudly.
You hear an angry hiss.
Health restored: 105
Casting: Fulminant Prism (safe; 1% risk of failure)
Confirm with . or Enter, or press ? or * to list all spells.
Aiming: Fulminant Prism (safe; 1% risk of failure)
Press: ? - help, Dir - move target You conjure a prism of explosive energy!
A fulminant prism comes into view.
The ironbound frostheart calls freezing cold from the walls.
The frost grips you!
You are encased in ice.
The frost grips your fulminant prism!
Your fulminant prism resists.
You take 19 damage, and have 86/105 hp.
Your fulminant prism crackles loudly.
You regained 2 hp, and now have 88/105 hp.
The ice encasing you melts away.
A polar bear comes into view.
Something touches your fulminant prism!!
You hear an angry growl.
Casting: Fulminant Prism (safe; 1% risk of failure)
Confirm with . or Enter, or press ? or * to list all spells.
Aiming: Searing Ray (safe; 1% risk of failure)
Press: ? - help, Shift-Dir - straight line, f - ironbound frostheart
Aim: an ironbound frostheart, wearing a +0 ring mail (heavily wounded, 85% to hit)
The searing ray hits the ironbound frostheart! (Press . to maintain the ray.)
The searing ray hits the ironbound frostheart!
The ironbound frostheart calls freezing cold from the walls.
The frost grips you!!
You are encased in ice.
The polar bear completely misses you. x2
The polar bear claws you but does no damage.
You take 25 damage, and have 65/105 hp.
MASSIVE DAMAGE!!
The searing ray misses the ironbound frostheart.
The ironbound frostheart calls freezing cold from the walls.
The frost grips you!!
The polar bear bites you but does no damage.
The polar bear closely misses you.
The polar bear claws you but does no damage.
You take 27 damage, and have 38/105 hp.
MASSIVE DAMAGE!!
Casting: Searing Ray (safe; 1% risk of failure)
Confirm with . or Enter, or press ? or * to list all spells.
You erupt in a blast of force!
The mystic blast hits the ironbound frostheart!
The mystic blast hits the polar bear!!
The polar bear is knocked back by the mystic blast.
The polar bear slams into the ice covered rock wall!
The ice encasing you melts away.
The ironbound frostheart calls freezing cold from the walls.
The frost grips you!!!
You die... ##### ########## #([.# *#...##.p.#########...# *#.h.##p..##@.h#..#.....#### #khh. ########..#....#####~# .hhh** #..#####.~~#~#~# h.p

*
##..##..~#~†~~##
#.
###...##~~≈#~~##
#
*#####..#####~~
* §○...., *### ,
,∩
..☼°.....,*##.
,* , ,,*
..○.....# #..


You could see an ironbound frostheart and a polar bear.

Vanquished Creatures
  Josephine (D:11)
  Harold (D:11)
  A two-headed ogre (D:10)
  3 death yaks (IceCv)
  2 manticores
  An oklob plant (D:8)
  A cyclops (D:11)
  Maurice (D:9)
  An ice statue (IceCv)
  A gargoyle (D:11)
  Psyche (D:11)
  6 polar bears (IceCv)
  Grinder (D:5)
  2 trolls
  A hornet (D:8)
  10 yaks (IceCv)
  A wyvern (D:8)
  A steam dragon (D:9)
  7 wraiths
  10 vampire mosquitoes
  An acid dragon (D:10)
  A water moccasin (D:8)
  17 orc warriors
  2 ice beasts
  2 black bears
  2 ogres (D:4)
  15 centaurs
  11 wolves (IceCv)
  4 kobold brigands
  An elf zombie (Ossuary)
  Blork the orc (D:4)
  3 bullfrogs (D:8)
  3 scorpions
  6 wights
  An oklob sapling (D:8)
  10 killer bees
  A howler monkey (D:8)
  4 hounds
  3 gnoll boudas
  2 jellies (D:6)
  2 orc priests
  Natasha (thrice) (D:3)
  5 iguanas
  7 orc wizards
  3 mummies (Ossuary)
  23 gnolls
  12 adders
  A shadow imp (D:6)
  2 ufetubi
  A worm (D:3)
  2 dart slugs (D:1)
  43 orcs
  14 ball pythons
  2 bats
  6 endoplasms (D:1)
  4 giant cockroaches
  A gnoll zombie (Ossuary)
  7 goblins
  4 hobgoblins
  2 jackals (D:2)
  2 frilled lizards
  2 hobgoblin zombies (Ossuary)
  25 kobolds
  5 kobold zombies (Ossuary)
  4 rats
325 creatures vanquished.

Vanquished Creatures (others)
  26 fulminant prisms
26 creatures vanquished.

Grand Total: 351 creatures vanquished

Notes
Turn   | Place    | Note
-------+----------+-------------------------------------------
     0 | D:1      | IndexError the Djinni Conjurer began the quest for the Orb.
     0 | D:1      | IndexError set off with the following spells memorised:
                  | Magic Dart, Searing Ray, Dazzling Flash, Fulminant Prism,
                  | Iskenderun's Mystic Blast.
     0 | D:1      | Reached XP level 1. HP: 15/15 MP: 0/0
    88 | D:1      | Reached XP level 2. HP: 17/21 MP: 0/0
   269 | D:1      | Reached XP level 3. HP: 22/25 MP: 0/0
   269 | D:1      | Learned a level 1 spell: Sandblast
   350 | D:1      | Found a faded altar of an unknown god.
   371 | D:1      | Reached skill level 4 in Spellcasting
   958 | D:2      | Reached XP level 4. HP: 28/31 MP: 0/0
  1629 | D:3      | Noticed Natasha
  1633 | D:3      | Killed Natasha
  1634 | D:3      | Reached XP level 5. HP: 23/35 MP: 0/0
  1634 | D:3      | Learned a level 2 spell: Passwall
  1949 | D:3      | Noticed a black bear
  1957 | D:3      | Killed a black bear
  1958 | D:3      | Reached skill level 5 in Spellcasting
  1958 | D:3      | Reached XP level 6. HP: 19/40 MP: 0/0
  2090 | D:3      | Found a glowing silver altar of Zin.
  2328 | D:3      | Noticed Natasha
  2332 | D:3      | Killed Natasha
  2628 | D:3      | Noticed Natasha
  2633 | D:3      | Killed Natasha
  2791 | D:4      | Noticed an ogre
  2793 | D:4      | HP: 8/40 [ogre/+0 giant club (30)]
  2796 | D:4      | Killed an ogre
  2797 | D:4      | Reached skill level 6 in Spellcasting
  2797 | D:4      | Reached XP level 7. HP: 5/45 MP: 0/0
  2797 | D:4      | Learned a level 3 spell: Summon Guardian Golem
  3191 | D:4      | Found a hide-covered altar of Uskayaw.
  3354 | D:4      | Found a sacrificial altar of Ru.
  3488 | D:4      | Noticed Blork the orc
  3495 | D:4      | Killed Blork the orc
  3891 | D:4      | Found Xotanul's Armour Emporium.
  4006 | D:5      | Entered Level 5 of the Dungeon
  4006 | D:5      | Found a staircase to the Ecumenical Temple.
  4011 | D:5      | Noticed Grinder
  4015 | D:5      | Reached skill level 7 in Spellcasting
  4046 | D:5      | Killed Grinder
  4047 | D:5      | Reached XP level 8. HP: 32/50 MP: 0/0
  4163 | Temple   | Entered the Ecumenical Temple
  4459 | Temple   | Became a worshipper of Ashenzari the Shackled
  5015 | D:5      | Identified a scroll of acquirement
  5087 | D:6      | Found a sand-covered staircase.
  5089 | D:6      | Reached skill level 8 in Spellcasting
  5093 | D:6      | Reached skill level 1 in Fighting
  5134 | Ossuary  | Entered an ossuary
  5134 | Ossuary  | Noticed a wraith
  5134 | Ossuary  | Noticed a wraith
  5134 | Ossuary  | Noticed a wraith
  5354 | Ossuary  | Noticed a wraith
  5359 | Ossuary  | Killed a wraith
  5360 | Ossuary  | Reached skill level 2 in Fighting
  5775 | D:6      | Found a runed translucent gate.
  5775 | D:6      | Found a runed translucent gate.
  5775 | D:6      | Found a runed translucent gate.
  5778 | D:6      | Noticed Josd's ghost (novice GnDe)
  5835 | D:6      | Reached skill level 3 in Fighting
  5835 | D:6      | Reached XP level 9. HP: 30/61 MP: 0/0
  5835 | D:6      | Learned a level 3 spell: Mephitic Cloud
  5948 | D:6      | You are sucked into a shaft and drop 1 floor!
  5956 | D:7      | Reached * piety under Ashenzari
  6073 | D:7      | Found a flagged portal.
  6085 | Bailey   | Entered a bailey
  6217 | Bailey   | Reached skill level 4 in Fighting
  6461 | Bailey   | Reached skill level 5 in Fighting
  6748 | Bailey   | Reached skill level 6 in Fighting
  6910 | Bailey   | Reached skill level 7 in Fighting
  6920 | Bailey   | Reached XP level 10. HP: 57/78 MP: 0/0
  7043 | Bailey   | Reached skill level 8 in Fighting
  7255 | Bailey   | HP: 18/80 [centaur/+0 trident (1)]
  7470 | Bailey   | Reached skill level 3 in Dodging
  7747 | D:7      | Reached skill level 4 in Dodging
  7864 | D:7      | Reached skill level 5 in Dodging
  8516 | D:4      | Bought the +1 robe of the Gate {rC+ Stlth+} for 247 gold
                  | pieces
  8528 | D:4      | Acquired 513 gold pieces
  8687 | D:7      | Reached skill level 6 in Dodging
  9730 | D:8      | Reached skill level 7 in Dodging
 10151 | D:8      | Reached skill level 1 in Evocations
 10174 | D:8      | Reached skill level 2 in Evocations
 10455 | D:8      | Noticed an oklob plant
 10570 | D:8      | Killed an oklob plant
 10571 | D:8      | Reached skill level 8 in Dodging
 10571 | D:8      | Reached skill level 4 in Evocations
 10571 | D:8      | Reached XP level 11. HP: 84/85 MP: 0/0
 10571 | D:8      | Learned a level 5 spell: Irradiate
 10858 | D:9      | Found a snail-covered altar of Cheibriados.
 10935 | D:9      | Reached skill level 5 in Evocations
 11101 | D:9      | Reached skill level 6 in Evocations
 11111 | D:9      | Reached skill level 9 in Dodging
 11402 | D:9      | Noticed Maurice
 11411 | D:9      | Killed Maurice
 11412 | D:9      | Reached skill level 7 in Evocations
 11525 | D:9      | Found a staircase to the Orcish Mines.
 11629 | D:10     | Entered Level 10 of the Dungeon
 11668 | D:10     | Reached skill level 8 in Evocations
 11792 | D:10     | Reached skill level 10 in Dodging
 11828 | D:10     | Noticed a two-headed ogre
 11836 | D:10     | Killed a two-headed ogre
 11837 | D:10     | Reached skill level 9 in Evocations
 11965 | D:10     | Reached skill level 9 in Fighting
 11965 | D:10     | Reached skill level 1 in Ranged Weapons
 12065 | D:10     | Found a staircase to the Lair.
 12227 | D:11     | Noticed Josephine
 12232 | D:11     | Killed Josephine
 12233 | D:11     | Reached skill level 2 in Ranged Weapons
 12307 | D:11     | Found an opulent altar of Gozag.
 12398 | D:11     | Noticed a manticore
 12409 | D:11     | Killed a manticore
 12410 | D:11     | Reached XP level 12. HP: 39/93 MP: 0/0
 12510 | D:11     | Reached ** piety under Ashenzari
 12518 | D:11     | Reached skill level 3 in Ranged Weapons
 12867 | D:11     | Reached skill level 10 in Fighting
 13000 | D:11     | Noticed Harold
 13011 | D:11     | Killed Harold
 13012 | D:11     | Reached skill level 4 in Ranged Weapons
 13049 | D:11     | Noticed Psyche
 13055 | D:11     | Killed Psyche
 13302 | D:12     | Found a frozen archway.
 13532 | IceCv    | Entered an ice cave
 13579 | IceCv    | Noticed a death yak
 13580 | IceCv    | Noticed a death yak
 13581 | IceCv    | Noticed a death yak
 13588 | IceCv    | Killed a death yak
 13589 | IceCv    | Reached skill level 5 in Ranged Weapons
 13589 | IceCv    | Killed a death yak
 13590 | IceCv    | Reached skill level 11 in Fighting
 13593 | IceCv    | Killed a death yak
 13696 | IceCv    | Reached skill level 6 in Ranged Weapons
 13839 | IceCv    | Reached XP level 13. HP: 77/104 MP: 0/0
 13839 | IceCv    | Learned a level 5 spell: Silence
 13911 | IceCv    | HP: 24/105 [something] (22)]
 13925 | IceCv    | HP: 26/105 [something (14)]
 14044 | IceCv    | Noticed an ironbound frostheart
 14059 | IceCv    | Killed from afar by an ironbound frostheart

Illustrated notes

Levels and vault maps discovered:
D:1:      onia_arrival_mini_spirals, layout_basic,
          hellmonk_ecumenical_altar_run_dry, dk_noncrumbling_2
D:2:      layout_loops_ring, minmay_puff
D:3:      layout_basic, zin_treasury, uniq_natasha
D:4:      layout_loops_ring, mainiacjoe_overflow_concentric_impassable,
          nicolae_ru_path_of_blood, serial_shops, shop, minmay_misc_feat_rows,
          uniq_blork_the_orc
D:5:      layout_cave_pools, minmay_temple_entry_mini_moons,
          chequers_serial_rivers_micro_d, uniq_grinder
D:6:      nicolae_cairo_tiling_very_big, layout_rooms,
          gammafunk_ghost_nasty_kobolds, nicolae_ossuary_entry_monument
D:7:      layout_basic, enter_bailey_2, serial_bayou_pond_e, minmay_manual_mares
D:8:      layout_basic, introduction_to_nature_2
D:9:      layout_basic, amcnicky_altar_gilded, david_orc_2,
          dreamdust_wishing_well, fountainhead, minmay_unpleasant_kobolds,
          uniq_maurice
D:10:     layout_rooms, lair_entry_dummy
D:11:     layout_stronghold, grunt_gozag_statues, uniq_josephine, uniq_harold,
          uniq_psyche
D:12:     layout_basic, portal_ice_cave_entry_pillars_1,
          hangedman_parallel_progression
Temple:   dpeg_five_rooms_temple
IceCv:    ice_cave_caverns_03

Skill      XL: |  1  2  3  4  5  6  7  8  9 10 11 12 |
---------------+-------------------------------------+-----
Spellcasting   | 4 5 6 7 8 |  8.7
Fighting       | 3 7 8 9 11 | 11.8
Dodging        | 8 10 | 10.0
Evocations     | 4 9 |  9.3
Ranged Weapons | 2 6 |  6.6
Stealth        | |  1.5

Action                     |  1- 3 |  4- 6 |  7- 9 | 10-12 | 13-15 || total
---------------------------+-------+-------+-------+-------+-------++-------
  Melee: Dagger            |       |     1 |     4 |       |       ||     5
   Fire: Sling             |       |       |    43 |    94 |     3 ||   140
   Cast: Magic Dart        |    57 |    47 |   161 |   209 |     2 ||   476
         Searing Ray       |       |     8 |    26 |    50 |     4 ||    88
         Iskenderun's Myst |       |       |     9 |    53 |     1 ||    63
         Fulminant Prism   |       |       |     5 |    14 |     7 ||    26
         Summon Guardian G |       |       |       |     1 |       ||     1
         Irradiate         |       |       |       |    31 |     1 ||    32
         Mephitic Cloud    |       |       |       |     1 |       ||     1
 Invoke: Curse Item        |       |       |     2 |     1 |       ||     3
    Use: Scroll            |       |       |    14 |     2 |       ||    16
 Armour: Robe              |     1 |    11 |    10 |    63 |    10 ||    95
         Troll leather arm |       |       |       |    26 |       ||    26
  Dodge: Dodged            |     3 |    11 |    46 |   226 |    13 ||   299

Levels and vault maps discovered:
D:1:      onia_arrival_mini_spirals, layout_basic,
          hellmonk_ecumenical_altar_run_dry, dk_noncrumbling_2
D:2:      layout_loops_ring, minmay_puff
D:3:      layout_basic, zin_treasury, uniq_natasha
D:4:      layout_loops_ring, mainiacjoe_overflow_concentric_impassable,
          nicolae_ru_path_of_blood, serial_shops, shop, minmay_misc_feat_rows,
          uniq_blork_the_orc
D:5:      layout_cave_pools, minmay_temple_entry_mini_moons,
          chequers_serial_rivers_micro_d, uniq_grinder
D:6:      nicolae_cairo_tiling_very_big, layout_rooms,
          gammafunk_ghost_nasty_kobolds, nicolae_ossuary_entry_monument
D:7:      layout_basic, enter_bailey_2, serial_bayou_pond_e, minmay_manual_mares
D:8:      layout_basic, introduction_to_nature_2
D:9:      layout_basic, amcnicky_altar_gilded, david_orc_2,
          dreamdust_wishing_well, fountainhead, minmay_unpleasant_kobolds,
          uniq_maurice
D:10:     layout_rooms, lair_entry_dummy
D:11:     layout_stronghold, grunt_gozag_statues, uniq_josephine, uniq_harold,
          uniq_psyche
D:12:     layout_basic, portal_ice_cave_entry_pillars_1,
          hangedman_parallel_progression
Temple:   dpeg_five_rooms_temple
IceCv:    ice_cave_caverns_03

Table legend: (Time is in decaauts)
 A = Elapsed time spent in this place.
 B = Non-inter-level travel time spent in this place.
 C = Inter-level travel time spent in this place.
 D = Time resting spent in this place.
 E = Time spent auto-exploring this place.
 F = Levels seen in this place.
 G = Mean time per level.
                   A        B        C        D        E       F      G
               +--------+--------+--------+--------+--------+-----+--------+
         Total |  14183 |  12629 |   1554 |    128 |  10304 |  16 |  886.4 |
       Dungeon |  11114 |   9650 |   1464 |     58 |   7990 |  12 |  926.2 |
        Temple |    331 |    241 |     90 |      0 |    229 |   1 |  331.0 |
       Ossuary |    574 |    574 |      0 |      0 |    501 |   1 |  574.0 |
        Bailey |   1634 |   1634 |      0 |      0 |   1298 |   1 | 1634.0 |
      Ice Cave |    528 |    528 |      0 |     70 |    285 |   1 |  528.0 |
               +--------+--------+--------+--------+--------+-----+--------+

Top non-repeatable levels by time:
  Bailey: 1634 daAuts
     D:8: 1437 daAuts
     D:3: 1385 daAuts
    D:11: 1136 daAuts
     D:7: 1082 daAuts
     D:9: 1012 daAuts
     D:4: 993 daAuts
     D:2: 918 daAuts
     D:1: 842 daAuts
     D:6: 805 daAuts
     D:5: 763 daAuts
    D:10: 585 daAuts
 Ossuary: 574 daAuts
   IceCv: 528 daAuts
  Temple: 331 daAuts

Table legend:
 A = Kills in this place as a percentage of kills in the entire game.
 B = Kills by you in this place as a percentage of kills by you in the entire game.
 C = Kills by friends in this place as a percentage of kills by friends in the entire game.
 D = Other kills in this place as a percentage of other kills in the entire game.
 E = Experience gained in this place as a percentage of experience gained in the entire game.
 F = Experience gained in this place divided by the number of levels of this place that you have seen.
                   A       B       C       D       E      F
               +-------+-------+-------+-------+-------+----------------------
         Total | 100.0 | 100.0 |   N/A | 100.0 | 100.0 | 1747.1
       Dungeon |  74.5 |  74.9 |   N/A |   0.0 |  60.2 | 1401.9
       Ossuary |   4.0 |   4.0 |   N/A |   0.0 |   1.3 | 363.0
        Bailey |  12.0 |  12.1 |   N/A |   0.0 |   9.8 | 2753.0
      Ice Cave |   9.5 |   9.0 |   N/A | 100.0 |  28.7 | 8014.0
               +-------+-------+-------+-------+-------+----------------------
